General information
- name: BNet
- type: Ladder 1vs1/FFA
- host: Battle.net
- saver: Mysida
map: TerenasStand
- players: 2
- length: 29:49
- speed: Fast
- version: 1.26 W3XP
- replay type: Public
» download(153 KB)
Players
team 1 (loser)
4K.CreO (
pink | 195 APM | 5818 actions | 29:48)
4 Death Knight
2 Death Coil
2 Unholy Aura
4 Lich
2 Frost Armor
2 Frost Nova
3 Dark Ranger
2 Silence
1 Black Arrow
» actions
| Assign group hotkey | 66 | |
| Basic commands | 366 | |
| Build / train | 102 | |
| ESC pressed | 4 | |
| Enter build submenu | 25 | |
| Enter hero's abilities submenu | 11 | |
| Give item / drop item | 3 | |
| Right click | 2460 | |
| Select / deselect | 932 | |
| Select group hotkey | 1584 | |
| Use ability | 265 | |
5818 total
» units
| Acolyte | 11 | |
| Ghoul | 6 | |
| Crypt Fiend | 15 | |
| Obsidian Statue | 5 | |
| Meatwagon | 3 | |
| Goblin Sapper | 6 | |
46 total
» upgrades
| Creature Attack | 2 | |
| Burrow | 1 | |
| Destroyer Form | 1 | |
4 total
» buildings
| Graveyard | 1 | |
| Crypt | 1 | |
| Ziggurat | 7 | |
| Altar of Darkness | 1 | |
| Tomb of Relics | 1 | |
| Nerubian Tower | 3 | |
| Halls of the Dead | 6 | |
| Black Citadel | 2 | |
| Slaughterhouse | 3 | |
| Spirit Tower | 1 | |
26 total
» build order
00:05 Graveyard
00:06 Crypt
00:39 Ziggurat
00:56 Altar of Darkness
01:44 Tomb of Relics
02:00 Ziggurat
03:28 Nerubian Tower
04:55 Halls of the Dead
04:55 Halls of the Dead
04:56 Halls of the Dead
05:54 Ziggurat
07:20 Black Citadel
07:38 Ziggurat
08:13 Slaughterhouse
08:24 Ziggurat
08:46 Slaughterhouse
11:14 Ziggurat
14:01 Spirit Tower
17:21 Slaughterhouse
18:22 Ziggurat
19:40 Nerubian Tower
19:40 Nerubian Tower
» items
| Rod of Necromancy | 6 | |
| Dust of Appearance | 5 | |
| Sacrificial Skull | 1 | |
| Potion of Healing | 5 | |
| Orb of Corruption | 1 | |
| Scroll of Town Portal | 5 | |
23 total
team 2 (winner)
Mysida (
orange | 160 APM | 4779 actions | 29:49)
5 Blademaster
2 Wind Walk
3 Critical Strike
4 Shadow Hunter
2 Hex
2 Healing Wave
» actions
| Assign group hotkey | 42 | |
| Basic commands | 2 | |
| Build / train | 107 | |
| ESC pressed | 13 | |
| Enter build submenu | 32 | |
| Enter hero's abilities submenu | 9 | |
| Give item / drop item | 15 | |
| Right click | 2488 | |
| Select / deselect | 689 | |
| Select group hotkey | 1108 | |
| Use ability | 274 | |
4779 total
» units
| Peon | 15 | |
| Grunt | 5 | |
| Raider | 13 | |
| Spirit Walker | 2 | |
| Goblin Shredder | 1 | |
36 total
» upgrades
| Ensnare | 1 | |
| Spirit Walker Training | 1 | |
| Berserker Strength | 1 | |
| Troll Regeneration | 1 | |
| Reinforced Defenses | 1 | |
| Berserker Upgrade | 1 | |
| Pillage | 1 | |
7 total
» buildings
| Altar of Storms | 1 | |
| Orc Burrow | 4 | |
| Barracks | 1 | |
| Voodoo Lounge | 2 | |
| Stronghold | 3 | |
| Beastiary | 1 | |
| Spirit Lodge | 1 | |
| War Mill | 1 | |
| Fortress | 2 | |
| Watch Tower | 20 | |
36 total
» build order
00:03 Altar of Storms
00:23 Orc Burrow
00:37 Barracks
01:35 Orc Burrow
02:01 Voodoo Lounge
03:07 Stronghold
03:07 Stronghold
04:07 Orc Burrow
05:34 Beastiary
05:37 Spirit Lodge
06:45 Orc Burrow
07:19 War Mill
07:47 Fortress
11:09 Watch Tower
11:10 Watch Tower
11:10 Watch Tower
11:32 Watch Tower
12:52 Watch Tower
12:53 Watch Tower
12:53 Watch Tower
13:46 Watch Tower
13:46 Watch Tower
13:49 Watch Tower
14:01 Watch Tower
14:02 Watch Tower
14:13 Watch Tower
14:14 Watch Tower
14:19 Watch Tower
14:20 Watch Tower
18:33 Voodoo Lounge
19:29 Watch Tower
19:34 Watch Tower
21:08 Watch Tower
24:21 Watch Tower
» items
| Circlet of Nobility | 4 | |
| Healing Salve | 10 | |
| Boots of Speed | 1 | |
| Lesser Clarity Potion | 9 | |
| Potion of Lesser Invulnerability | 5 | |
| Orb of Lightning | 2 | |
| Scroll of Healing | 1 | |
| Potion of Mana | 5 | |
| Scroll of Speed | 1 | |
| Scroll of Town Portal | 1 | |
| Potion of Healing | 1 | |
40 total
Chat log
(00:15 / All) 4K.CreO: sup brat
(04:57 / All) 4K.CreO: lol
(04:59 / All) 4K.CreO: what a hacker
(05:03 / All) 4K.CreO: blatant
(05:16 / All) 4K.CreO: xaxaxax
(06:21 / All) 4K.CreO: biggest mher nerd
(06:22 / All) 4K.CreO: ever
(12:57 / All) 4K.CreO: even mh cant help u noob
(12:58 / All) 4K.CreO: lol
(15:34 / All) 4K.CreO: damn u sucks
(15:49 / All) Mysida: how come you only talk if your winning
(15:52 / All) Mysida: youre pathetic
(16:00 / All) 4K.CreO: lol hacker
(16:01 / All) 4K.CreO: noob lol
(16:05 / All) Mysida: you mh2
(16:06 / All) Mysida: stop cry
(16:09 / All) 4K.CreO: but
(16:13 / All) 4K.CreO: i dont abuse my mh
(16:17 / All) Mysida: no
(16:18 / All) Mysida: you do
(16:23 / All) 4K.CreO: no i not
(16:25 / All) Mysida: y
(16:26 / All) Mysida: u do
(16:29 / All) 4K.CreO: LOL
(16:31 / All) 4K.CreO: im und dumb
(19:38 / All) 4K.CreO: how mad
(19:44 / All) 4K.CreO: how mad from 1 to 10?
(19:46 / All) Mysida: stop copying gears
(19:46 / All) Mysida: and me
(19:50 / All) Mysida: you dumb inbred shit
(19:51 / All) 4K.CreO: rofl
(19:53 / All) 4K.CreO: niiik
(19:54 / All) 4K.CreO: u sucks
(20:04 / All) 4K.CreO: und my worst race
(20:06 / All) 4K.CreO: Rape rofl
(20:08 / All) 4K.CreO: how mad
(20:37 / All) 4K.CreO: and?
(20:58 / All) 4K.CreO: sup?
(21:01 / All) 4K.CreO: how mad
(21:11 / All) 4K.CreO: how mad from 1 to 10?
(21:14 / All) Mysida: 20
(21:28 / All) 4K.CreO: very mad lol
(21:56 / All) 4K.CreO: raped
(24:20 / All) 4K.CreO: let me break it down for u nobo
(24:28 / All) 4K.CreO: ok?
(24:34 / All) Mysida: let me break it down for you
(24:42 / All) Mysida: ill ask dks to sub me finaks vs u
(24:46 / All) Mysida: and ull enjoy youre first loss
(24:49 / All) 4K.CreO: dks?>
(24:57 / All) 4K.CreO: who the hell is dks
(24:58 / All) 4K.CreO: rofl
(25:03 / All) Mysida: best elf in france
(25:06 / All) 4K.CreO: LOl virgin
(25:08 / All) 4K.CreO: scared
(25:09 / All) 4K.CreO: posterd
(25:11 / All) 4K.CreO: POSTED
(25:12 / All) Mysida: K
(25:14 / All) Mysida: post
(26:48 / All) 4K.CreO: fanboy lol
(26:55 / All) Mysida: i dont even know who you are
(28:28 / All) 4K.CreO: sup
(28:45 / All) Mysida: youre trying to hard
(29:08 / All) 4K.CreO: more luck bonus noob
(29:15 / All) Mysida: ..
(29:19 / All) Mysida: you silenced and didnt follow
(29:23 / All) Mysida: Cause youre bad
(29:37 / All) Mysida: if i just lamed from start i would win
(29:38 / All) Mysida: rofl